AoeStats
← J40 | Berto

Arabia

510269234Analyzed
1v1 RM · 2d ago on Sep 30, 2026· 41m 19s· 2 players
Game mode
Random Map
Map size
Tiny (2 player)
Population
200
Speed
Normal
Resources
Standard
Victory
Conquest
Starting age
Dark Age
Ending age
Imperial Age
RankedLock teamsTeams togetherTeam positionsShared explorationLock speedFull tech treeHidden civsTurbo modeCheats
Victory
Defeat
🇦🇷 Poles · Argentina
1684
+13
🇨🇱 Tatars · Chile
1615
-13
J40 | Berto
8:21 Loom
10:28 Feudal Age
12:32 Double-Bit Axe
12:44 Gold Mining
15:00 Horse Collar
17:03 Fletching
17:46 Padded Archer Armor
23:56 Castle Age
23:34 Wheelbarrow
22:55 Town Watch
25:13 Bodkin Arrow
24:48 Crossbowman
26:11 Town Watch
28:29 Bow Saw
28:44 Bow Saw
29:15 Ballistics
39:47 Leather Archer Armor
rW
6:32 Loom
8:53 Feudal Age
10:43 Double-Bit Axe
14:50 Fletching
16:52 Padded Archer Armor
21:37 Castle Age
21:45 Bloodlines
21:41 Scale Barding Armor
23:08 Bow Saw
26:39 Town Watch
30:02 Chain Barding Armor
32:08 Wheelbarrow
32:29 Szlachta Privileges
32:33 Husbandry
33:11 Forging
35:28 Light Cavalry
37:10 Gold Mining
38:47 Horse Collar
Connection lost

Rejoining the realm…

Still unreachable

The connection could not be restored.

Session expired

The server has moved on; the page needs a fresh start.